[Event "January 2 Late 2024"]
[Site "https://www.chess.com"]
[Date "2024.01.02"]
[Round "9"]
[White "Vifleemskaia, Svetlana"]
[Black "Gabdushev, Ruslan"]
[Result "0-1"]
[Board "112"]
[TimeControl "180+1"]
[WhiteFideId "4129490"]
[BlackFideId "4137833"]
[WhiteElo "2253"]
[BlackElo "2431"]
[WhiteTeam "RUS"]
[BlackTeam "RUS"]
[WhiteClock "0:00:00"]
[BlackClock "0:00:43"]

1. d4 c6 2. c4 Qa5+ 3. Nc3 g5 4. e4 Bg7 5. d5 Bxc3+ 6. bxc3 Qxc3+ 7. Bd2 Qg7 8. Rc1 d6 9. h4 g4 10. h5 Nf6 11. Bd3 Nbd7 12. Qe2 Ne5 13. Bb1 c5 14. Bc3 Qg5 15. Bd2 Qg7 16. Bc3 Bd7 17. Qd2 h6 18. Bxe5 dxe5 19. Qb2 Qg5 20. Ne2 b6 21. Ng3 Kf8 22. O-O Nxh5 23. Nxh5 Qxh5 24. f4 gxf3 25. Rxf3 Rg8 26. Rcf1 Rg7 27. Bd3 Kg8 28. Qf2 f6 29. Rg3 Rxg3 30. Qxg3+ Kh7 31. Qf2 Rg8 32. Be2 Bg4 33. Bxg4 Qxg4 34. Qf3 h5 35. Kf2 Qxf3+ 36. Kxf3 Kh6 0-1

[Event "January 2 Late 2024"]
[Site "https://www.chess.com"]
[Date "2024.01.02"]
[Round "9"]
[White "Curtis, John"]
[Black "Karpov, Vadim"]
[Result "1/2-1/2"]
[Board "113"]
[TimeControl "180+1"]
[WhiteFideId "3200256"]
[BlackFideId "4155025"]
[WhiteElo "2239"]
[BlackElo "2425"]
[WhiteTeam "AUS"]
[BlackTeam "RUS"]
[WhiteClock "0:00:28"]
[BlackClock "0:00:44"]

1. d4 e6 2. e4 d5 3. exd5 exd5 4. Bd3 Nf6 5. Ne2 Bd6 6. O-O O-O 7. Bf4 Bg4 8. f3 Bh5 9. Qd2 Nc6 10. c3 Bg6 11. Bxd6 Qxd6 12. Nf4 Rfe8 13. Na3 a6 14. Nc2 Re7 15. Rae1 Rae8 16. Nxg6 hxg6 17. Rxe7 Rxe7 18. Re1 Kf8 19. Rxe7 Qxe7 20. Qe3 Qxe3+ 21. Nxe3 Ke7 22. f4 Kd6 23. Kf2 Ne7 24. Kf3 a5 25. g4 b6 26. g5 Nd7 27. Ng4 f6 28. h4 c5 29. Bb5 Nc6 30. Bxc6 Kxc6 31. Ne3 Nf8 32. Ng4 Nd7 33. Ke3 Kd6 34. Kf3 Ke6 35. a4 cxd4 36. cxd4 Nb8 37. Ne3 Nc6 38. Nc2 Kf5 39. Ne3+ Ke6 40. Nc2 fxg5 41. hxg5 Ne7 42. Kg4 Kd6 43. Ne3 Ke6 44. b3 Nc8 45. f5+ gxf5+ 46. Nxf5 g6 47. Nh4 Kf7 48. Kf4 Nd6 49. Ke5 Ne4 50. Kxd5 Nxg5 51. Kc6 Ne6 52. Nxg6 Nxd4+ 53. Kxb6 Kxg6 54. Kxa5 Nxb3+ 55. Kb4 Nd4 56. a5 Nc6+ 57. Kb5 Nxa5 1/2-1/2

[Event "January 2 Late 2024"]
[Site "https://www.chess.com"]
[Date "2024.01.02"]
[Round "9"]
[White "Alvarado, Carlos"]
[Black "Dmitriev, Sergey"]
[Result "1-0"]
[Board "114"]
[TimeControl "180+1"]
[WhiteFideId "3800555"]
[BlackFideId "14101785"]
[WhiteElo "2424"]
[BlackElo "2042"]
[WhiteTeam "PER"]
[BlackTeam "UKR"]
[WhiteClock "0:00:55"]
[BlackClock "0:00:29"]

1. d4 d6 2. Nf3 g6 3. Bg5 Bg7 4. Nbd2 Nf6 5. c3 O-O 6. e4 Nc6 7. Bb5 Bg4 8. Bxc6 bxc6 9. h3 Bd7 10. O-O e5 11. dxe5 dxe5 12. Re1 Re8 13. Qc2 Qc8 14. Nb3 Bxh3 15. gxh3 Qxh3 16. Bxf6 Bxf6 17. Nh2 Bg5 18. Qe2 Bf4 19. Nf1 Re6 20. Rad1 g5 21. Rd3 Qh4 22. Qf3 Rh6 23. Qg2 g4 24. Ng3 Qg5 25. Red1 Re8 26. Nd2 Ree6 27. Ndf1 Rh4 28. Ne3 Reh6 29. Nef5 Rh2 30. Rd8+ Qxd8 31. Rxd8# 1-0

[Event "January 2 Late 2024"]
[Site "https://www.chess.com"]
[Date "2024.01.02"]
[Round "9"]
[White "Weinstein, Norman"]
[Black "Dias, Joao Batista"]
[Result "1/2-1/2"]
[Board "115"]
[TimeControl "180+1"]
[WhiteFideId "2000466"]
[BlackFideId "2108240"]
[WhiteElo "2416"]
[BlackElo "2031"]
[WhiteTeam "USA"]
[BlackTeam "BRA"]
[WhiteClock "0:00:57"]
[BlackClock "0:00:24"]

1. e4 e5 2. Nf3 Nc6 3. Bb5 d6 4. d4 exd4 5. Qxd4 Bd7 6. Bxc6 bxc6 7. O-O Nf6 8. c4 Be7 9. Nc3 O-O 10. Re1 c5 11. Qd3 Bc6 12. Bf4 Re8 13. h3 Qd7 14. Rad1 Rad8 15. Qc2 Qc8 16. Nd2 Nd7 17. Nf1 Bf6 18. Ng3 Ne5 19. b3 a6 20. Nh5 Qe6 21. Nd5 Bxd5 22. exd5 Qe7 23. Qf5 Kh8 24. Bg3 Qd7 25. Qc2 Ng6 26. Nxf6 gxf6 27. Kh2 Rxe1 28. Rxe1 Re8 29. Rxe8+ Qxe8 30. Qc3 Kg7 31. Qa5 Qc8 32. f3 f5 33. Qc3+ f6 34. Qe3 Kf7 35. Qh6 Qg8 36. Qe3 Qe8 37. Qd3 f4 38. Bf2 Qe5 39. Qd2 Ne7 40. Qe1 Nf5 41. Qd2 Ne3 42. Qd3 f5 43. Kg1 Qa1+ 44. Kh2 Nf1+ 45. Kg1 Ne3+ 46. Kh2 Nf1+ 47. Kg1 Ne3+ 1/2-1/2

[Event "January 2 Late 2024"]
[Site "https://www.chess.com"]
[Date "2024.01.02"]
[Round "9"]
[White "Poddubnyi, Viktor"]
[Black "Grycel, Kamil"]
[Result "0-1"]
[Board "116"]
[TimeControl "180+1"]
[WhiteFideId "4141989"]
[BlackFideId "1115499"]
[WhiteElo "2329"]
[BlackElo "2559"]
[WhiteTeam "RUS"]
[BlackTeam "POL"]
[WhiteClock "0:00:07"]
[BlackClock "0:01:12"]

1. e4 d6 2. d4 Nf6 3. Nc3 c6 4. a4 a5 5. g3 Nbd7 6. Bg2 e5 7. Nge2 Be7 8. O-O O-O 9. h3 exd4 10. Nxd4 Nc5 11. g4 h6 12. Bf4 Re8 13. Qd2 Nh7 14. Rfe1 Qb6 15. b3 Be6 16. Nxe6 Nxe6 17. Be3 Qc7 18. Rad1 Rad8 19. f4 Bh4 20. Rf1 Nc5 21. Qe2 b6 22. Qc4 Bf6 23. Bd4 Qe7 24. Rfe1 g5 25. e5 dxe5 26. fxe5 Bg7 27. Bxc6 Rf8 28. Nd5 Qe6 29. Bb5 Qxd5 0-1

[Event "January 2 Late 2024"]
[Site "https://www.chess.com"]
[Date "2024.01.02"]
[Round "9"]
[White "AmanteDeMoi"]
[Black "Osmonbekov, Talaibek"]
[Result "1-0"]
[Board "117"]
[TimeControl "180+1"]
[BlackFideId "2017253"]
[WhiteElo "2548"]
[BlackElo "2307"]
[BlackTeam "USA"]
[WhiteClock "0:00:35"]
[BlackClock "0:00:26"]

1. Nf3 f5 2. e3 Nf6 3. c4 e6 4. b3 d6 5. Bb2 e5 6. d4 e4 7. Nfd2 c6 8. Nc3 d5 9. Rc1 Be7 10. cxd5 cxd5 11. Nb5 Nc6 12. Ba3 O-O 13. Bxe7 Qxe7 14. g3 a6 15. Nc3 f4 16. gxf4 Nxd4 17. exd4 e3 18. fxe3 Qxe3+ 19. Qe2 Qxf4 20. Qf2 Qh6 21. Bg2 Bg4 22. O-O Ne4 23. Bxe4 Rxf2 24. Bxd5+ Be6 25. Bxe6+ Qxe6 26. Rxf2 Qg4+ 27. Kh1 Qxd4 28. Nce4 Re8 29. Rcf1 h6 30. Rf4 Qd5 31. R1f3 Kh7 32. Rh4 b5 33. Kg1 a5 34. Rg4 a4 35. Rfg3 Re7 36. Rxg7+ Kh8 37. Rxe7 Qd4+ 38. Kg2 axb3 39. axb3 b4 40. Re8+ Kh7 41. Nf3 Qb2+ 42. Ned2 h5 43. Ng5+ Kh6 44. Nf7+ Kh7 45. Rh8+ Qxh8 46. Nxh8 Kxh8 47. Rh3 Kg7 48. Rxh5 Kf6 49. Rh4 Ke5 50. Rxb4 Kd5 51. Rc4 Kd6 52. Kf2 Kd5 53. Ke1 Kd6 54. Kd1 Kd5 55. Kc2 Kd6 56. Kc3 Kd5 57. h3 Kd6 58. h4 Kd5 59. Nb1 Kd6 60. Na3 Ke5 61. Nc2 Kd6 62. Nb4 Ke6 63. Nd3 Kf5 64. Nb2 Ke6 65. Na4 Kf5 66. Kc2 Ke6 67. Kb2 Kf5 68. Ka3 1-0

[Event "January 2 Late 2024"]
[Site "https://www.chess.com"]
[Date "2024.01.02"]
[Round "9"]
[White "Kujawski, Adam"]
[Black "Rangel, Daniel"]
[Result "0-1"]
[Board "118"]
[TimeControl "180+1"]
[WhiteFideId "1100920"]
[BlackFideId "2124475"]
[WhiteElo "2314"]
[BlackElo "2503"]
[WhiteTeam "POL"]
[BlackTeam "BRA"]
[WhiteClock "0:00:00"]
[BlackClock "0:00:55"]

1. Nf3 Nf6 2. c4 g6 3. g3 Bg7 4. Bg2 O-O 5. O-O d6 6. Qc2 Nc6 7. d3 e5 8. Bg5 h6 9. Bxf6 Qxf6 10. Nc3 Qd8 11. Rab1 Nd4 12. Qd1 c6 13. e3 Nf5 14. b4 Be6 15. b5 c5 16. Nd2 Qd7 17. a4 Rad8 18. Re1 Ne7 19. Nd5 Nxd5 20. cxd5 Bh3 21. Bh1 f5 22. Nc4 f4 23. Be4 fxg3 24. hxg3 g5 25. Qh5 Bg4 26. Qg6 Rf6 27. Qh7+ Kf8 28. b6 a6 29. d4 exd4 30. exd4 Bh5 31. dxc5 dxc5 32. d6 Bf7 33. Bf5 Qxa4 34. Re7 Qxc4 35. Rbe1 Qd5 0-1

[Event "January 2 Late 2024"]
[Site "https://www.chess.com"]
[Date "2024.01.02"]
[Round "9"]
[White "Skaric, Djuro"]
[Black "Gavrilov, Maxim"]
[Result "1-0"]
[Board "119"]
[TimeControl "180+1"]
[WhiteFideId "934569"]
[BlackFideId "24271454"]
[WhiteElo "2291"]
[BlackElo "2474"]
[WhiteTeam "SRB"]
[BlackTeam "RUS"]
[WhiteClock "0:00:30"]
[BlackClock "0:00:12"]

1. g3 d5 2. Bg2 Nf6 3. d3 c6 4. Nf3 Bg4 5. O-O Nbd7 6. h3 Bxf3 7. Bxf3 e5 8. Bg2 Bd6 9. e4 O-O 10. Nc3 dxe4 11. dxe4 Qe7 12. a3 a5 13. Qe2 Rfd8 14. f4 exf4 15. gxf4 Bc5+ 16. Kh1 b5 17. e5 Nd5 18. Nxd5 cxd5 19. Bxd5 Rab8 20. Qg2 Nb6 21. Be4 Nc4 22. Re1 Qh4 23. Rf1 Ne3 24. Bxe3 Bxe3 25. Qg4 Qxg4 26. hxg4 Rd4 27. Bd3 Rxf4 28. Rxf4 Bxf4 29. Re1 b4 30. axb4 axb4 31. e6 fxe6 32. Bc4 Bg5 33. Rxe6 Kf8 34. b3 Bf6 35. Kg2 h6 36. Kf3 Re8 37. Rb6 Bc3 38. Rb7 Re7 39. Rb8+ Re8 40. Rb5 Ke7 41. Kf4 Rf8+ 42. Ke4 Kd6 43. Rd5+ Kc7 44. Bd3 Kc6 45. Ra5 Kb6 46. Ra6+ Kb7 47. Re6 Kc7 48. Kd5 Rd8+ 49. Kc4 Rd6 50. Re7+ Rd7 51. Re8 Kd6 52. Bf5 Rc7+ 53. Kd3 Bf6 54. Re6+ Kc5 55. Be4 Kb5 56. Ke2 Ka5 57. Kf3 Bc3 58. Bd3 Bf6 59. Ra6# 1-0

[Event "January 2 Late 2024"]
[Site "https://www.chess.com"]
[Date "2024.01.02"]
[Round "9"]
[White "Balla, Tamas-Kristof"]
[Black "Antonio, Jorge Carlos"]
[Result "0-1"]
[Board "120"]
[TimeControl "180+1"]
[WhiteFideId "1208497"]
[BlackFideId "113190"]
[WhiteElo "2452"]
[BlackElo "2296"]
[WhiteTeam "ROU"]
[BlackTeam "ARG"]
[WhiteClock "0:00:02"]
[BlackClock "0:00:08"]

1. e4 c6 2. d4 d5 3. e5 Bf5 4. h4 e6 5. g4 Be4 6. f3 Bg6 7. h5 Ne7 8. hxg6 Nxg6 9. Bd3 c5 10. Bxg6 fxg6 11. c3 c4 12. Bf4 Be7 13. Ne2 Bh4+ 14. Bg3 Bxg3+ 15. Nxg3 O-O 16. Nd2 Qg5 17. Qe2 Nc6 18. O-O-O b5 19. Kb1 a5 20. Rhf1 b4 21. cxb4 Nxb4 22. Nxc4 dxc4 23. Qxc4 Rfe8 24. Ne4 Qe7 25. Nd6 Nd5 26. f4 a4 27. f5 Ne3 28. f6 gxf6 29. exf6 Nxc4 30. Nxc4 Qf7 31. Ne5 Rad8 32. Nxf7 Kxf7 33. g5 Rd5 34. Rh1 Rh8 35. Rhg1 h5 36. Rd3 Rhd8 37. Rgd1 Rxg5 38. Ra3 Kxf6 39. Rxa4 h4 40. Ra3 Rh8 41. Rh1 Rd5 42. Rd3 g5 43. a4 g4 44. b4 h3 45. b5 Kg5 46. b6 Ra8 47. b7 Rb8 48. Rb3 Rxd4 49. Rc1 h2 50. Rb2 g3 51. Rb3 Rd7 52. Rxg3+ Kf6 53. Rg2 Rdxb7+ 54. Ka2 Rh8 55. Rf1+ Ke7 56. Rh1 Ra7 57. Ka3 Rh3+ 58. Kb4 Rh4+ 59. Kb3 Raxa4 60. Rgxh2 Rxh2 61. Rxh2 Rg4 62. Kc3 e5 63. Kd3 Ke6 64. Ke3 Kd5 65. Rh8 Rg3+ 66. Ke2 Ra3 67. Kd2 Ke4 68. Rh4+ Kd5 69. Rh8 Kd4 70. Ke2 Ra2+ 71. Ke1 Ke3 72. Rh3+ Kd4 73. Rh4+ e4 74. Rh8 Kd3 75. Rd8+ Ke3 76. Rd1 Rh2 77. Kf1 Rh1+ 78. Kg2 0-1

[Event "January 2 Late 2024"]
[Site "https://www.chess.com"]
[Date "2024.01.02"]
[Round "9"]
[White "Lopez Del Alamo, Antonio"]
[Black "Karas, Marek"]
[Result "1/2-1/2"]
[Board "121"]
[TimeControl "180+1"]
[WhiteFideId "2227339"]
[BlackFideId "14928558"]
[WhiteElo "2285"]
[BlackElo "2450"]
[WhiteTeam "ESP"]
[BlackTeam "CZE"]
[WhiteClock "0:00:28"]
[BlackClock "0:00:03"]

1. e4 e6 2. d3 d5 3. Qe2 Nf6 4. Nf3 Be7 5. g3 c5 6. Bg2 O-O 7. O-O Nc6 8. e5 Nd7 9. c4 b5 10. cxb5 Na5 11. Na3 a6 12. Bd2 axb5 13. Nxb5 Ba6 14. a4 Qb6 15. Bxa5 Qxa5 16. d4 c4 17. Nc3 Rfb8 18. Rfd1 Rb3 19. Rd2 Rab8 20. h4 Bb4 21. Rc1 Bxc3 22. bxc3 Rxc3 23. Rxc3 Qxc3 24. Kh2 Rb3 25. Rc2 Qa5 26. Ng5 h6 27. Nxf7 Kxf7 28. Qh5+ Kg8 29. Bh3 Nf8 30. Qe8 Qb6 31. h5 c3 32. a5 Qb8 33. Bxe6+ Kh8 34. Qxb8 Rxb8 35. Bxd5 Rc8 36. e6 Bd3 37. Rc1 c2 38. e7 Nd7 39. Be6 Bb5 40. d5 Re8 41. d6 Nc5 42. Bf7 Ra8 43. Rxc2 Ne4 44. Rb2 Nxd6 45. Bg6 Be8 46. Bxe8 Nxe8 47. Rd2 Kg8 48. Rd8 Rxa5 49. Rxe8+ Kf7 50. Rf8+ Kxe7 51. Rf4 Rxh5+ 52. Kg2 Ra5 53. Rb4 g5 54. Kf3 Kf7 55. Kg4 Kg7 56. Rb6 Ra2 57. f4 gxf4 58. gxf4 Rg2+ 59. Kf5 Rg1 60. Rb7+ Kf8 61. Kf6 Ke8 62. f5 h5 63. Rb8+ Kd7 64. Kf7 h4 65. f6 h3 66. Rh8 Rh1 67. Rh4 h2 68. Rd4+ Kc6 69. Rd2 Kc5 70. Kf8 Kc4 71. f7 Kc3 72. Rg2 Kd3 73. Ke7 Re1+ 74. Kd7 h1=Q 75. Rg3+ Re3 76. Rxe3+ Kxe3 77. f8=Q Qd5+ 78. Qd6 Qxd6+ 79. Kxd6 1/2-1/2

[Event "January 2 Late 2024"]
[Site "https://www.chess.com"]
[Date "2024.01.02"]
[Round "9"]
[White "Urbina Perez, Juan Antonio"]
[Black "Eggleston, Thomas A"]
[Result "1-0"]
[Board "122"]
[TimeControl "180+1"]
[WhiteFideId "2217368"]
[BlackFideId "412139"]
[WhiteElo "2416"]
[BlackElo "2283"]
[WhiteTeam "ESP"]
[BlackTeam "ENG"]
[WhiteClock "0:00:15"]
[BlackClock "0:00:00"]

1. e4 e6 2. d4 d5 3. Nd2 c5 4. exd5 Qxd5 5. dxc5 Nf6 6. Ngf3 Bxc5 7. Bc4 Qd6 8. O-O Bb6 9. Qe2 O-O 10. Rd1 Qc7 11. b3 Nc6 12. Bb2 e5 13. Nxe5 Re8 14. Ndf3 Bg4 15. Nxg4 Rxe2 16. Nxf6+ gxf6 17. Bxe2 Ne5 18. c4 Re8 19. Nxe5 fxe5 20. Bg4 e4 21. Bd4 Bxd4 22. Rxd4 Qe5 23. Rad1 e3 24. fxe3 Qxe3+ 25. Kf1 Qc3 26. Bf3 h6 27. Bxb7 Qb2 28. R4d2 Qf6+ 29. Bf3 Kg7 30. Rd6 Qe5 31. R6d5 Qe3 32. R5d3 Qe5 33. h3 1-0

[Event "January 2 Late 2024"]
[Site "https://www.chess.com"]
[Date "2024.01.02"]
[Round "9"]
[White "Bryant, Todd"]
[Black "Filipovic, Slobodan J"]
[Result "1-0"]
[Board "123"]
[TimeControl "180+1"]
[WhiteFideId "2031299"]
[BlackFideId "939633"]
[WhiteElo "2281"]
[BlackElo "2413"]
[WhiteTeam "USA"]
[BlackTeam "SRB"]
[WhiteClock "0:00:20"]
[BlackClock "0:00:00"]

1. e4 c5 2. Nf3 Nc6 3. d4 cxd4 4. Nxd4 e5 5. Nb5 d6 6. N1c3 a6 7. Na3 b5 8. Nd5 Nge7 9. Be3 Nxd5 10. exd5 Ne7 11. c4 Nf5 12. cxb5 Nxe3 13. fxe3 Qh4+ 14. g3 Qe4 15. Kf2 Qxh1 16. bxa6 Qxh2+ 17. Bg2 Bd7 18. Qb3 Qh6 19. Nb5 Qf6+ 20. Kg1 Qd8 21. Rc1 Qb8 22. Nc7+ Kd8 23. Nxa8 Qa7 24. Qb6+ Qxb6 25. Nxb6 Bb5 26. Rc8+ Ke7 27. a7 Kf6 28. a8=Q Kg5 29. Rxf8 Rxf8 30. Qxf8 Kf6 31. Qxd6+ Kf5 32. Nd7 h5 33. Qxe5+ Kg6 34. Be4+ Kh6 35. Qe7 Bxd7 36. Qxd7 1-0

[Event "January 2 Late 2024"]
[Site "https://www.chess.com"]
[Date "2024.01.02"]
[Round "9"]
[White "Delgado Kuffo, Andres"]
[Black "Bueno, Alfeu Junior Varela"]
[Result "0-1"]
[Board "124"]
[TimeControl "180+1"]
[WhiteFideId "3600475"]
[BlackFideId "2108879"]
[WhiteElo "2265"]
[BlackElo "2377"]
[WhiteTeam "ECU"]
[BlackTeam "BRA"]
[WhiteClock "0:00:05"]
[BlackClock "0:00:38"]

1. e4 e6 2. d4 d5 3. e5 c5 4. c3 Nc6 5. Nf3 Bd7 6. a3 Rc8 7. Bd3 Qb6 8. O-O cxd4 9. Kh1 Nge7 10. cxd4 Nf5 11. Bxf5 exf5 12. Nc3 Be6 13. Na4 Qb5 14. Nc3 Qb6 15. Na4 Qb5 16. Nc3 Qc4 17. Be3 Na5 18. Rc1 Nb3 19. Nd2 Nxd2 20. Qxd2 Be7 21. Bg5 Bxg5 22. Qxg5 O-O 23. Ne4 Qxd4 24. Nf6+ Kh8 25. Rce1 Rc2 26. Re3 f4 27. Nh5 Rg8 28. Nxf4 Rxf2 29. Rg1 Qxf4 30. Qxf4 Rxf4 31. Rc1 Rc8 32. Rxc8+ Bxc8 33. Rc3 0-1

[Event "January 2 Late 2024"]
[Site "https://www.chess.com"]
[Date "2024.01.02"]
[Round "9"]
[White "Andersson, Bjorn 1971"]
[Black "Rios Escobar, Adan"]
[Result "1-0"]
[Board "125"]
[TimeControl "180+1"]
[WhiteFideId "1702114"]
[BlackFideId "3403645"]
[WhiteElo "2249"]
[BlackElo "2372"]
[WhiteTeam "SWE"]
[BlackTeam "CHI"]
[WhiteClock "0:00:46"]
[BlackClock "0:00:00"]

1. e4 c5 2. Nf3 d6 3. d4 cxd4 4. Nxd4 Nf6 5. Nc3 a6 6. Be2 e5 7. Nb3 Be6 8. O-O Nbd7 9. Kh1 Rc8 10. f4 Be7 11. a4 O-O 12. f5 Bc4 13. g4 h6 14. g5 hxg5 15. Bxg5 Bxe2 16. Qxe2 d5 17. Rg1 Rxc3 18. bxc3 Nxe4 19. Bh6 Bf6 20. Qg2 Qb6 21. Raf1 g6 22. fxg6 Rc8 23. gxf7+ Kxf7 24. Qg6+ Ke7 25. Qh7+ Ke6 26. Qf5+ Ke7 27. a5 Qe6 28. Qxe6+ Kxe6 29. Bg7 Rxc3 30. Bxf6 Ndxf6 31. Rg7 Rxc2 32. Rxb7 Nd6 33. Rb6 Ne4 34. Rxa6 Nf2+ 35. Kg2 Ng4+ 36. Kg3 Ne3 37. Re1 Nf5+ 38. Kh3 Rc3+ 39. Kg4 Rxb3 40. Ra8 Rb4+ 41. Kg5 Ra4 42. a6 Ne4+ 43. Kg6 Ne7+ 44. Kg7 1-0

[Event "January 2 Late 2024"]
[Site "https://www.chess.com"]
[Date "2024.01.02"]
[Round "9"]
[White "Paragua, Megan Althea"]
[Black "Clawitter, Craig"]
[Result "1-0"]
[Board "126"]
[TimeControl "180+1"]
[WhiteFideId "30973007"]
[BlackFideId "2023105"]
[WhiteElo "2368"]
[BlackElo "2239"]
[WhiteTeam "USA"]
[BlackTeam "USA"]
[WhiteClock "0:00:13"]
[BlackClock "0:00:11"]

1. e4 e6 2. d4 d5 3. Nd2 Be7 4. Ngf3 Nf6 5. e5 Nfd7 6. Bd3 c5 7. c3 Nc6 8. O-O a5 9. a4 cxd4 10. cxd4 Nb4 11. Bb5 O-O 12. Nb3 f6 13. exf6 Nxf6 14. Re1 Ne4 15. Nbd2 Nd6 16. Nb3 Nxb5 17. axb5 b6 18. Bd2 Nd3 19. Re2 Nxb2 20. Qc1 Nc4 21. Bg5 Bd7 22. Bxe7 Qxe7 23. Qe1 Rae8 24. Nbd2 Bxb5 25. Nxc4 Bxc4 26. Re5 Qb4 27. Qe3 Rf6 28. Ng5 h6 29. Nxe6 Qe7 30. Re1 a4 31. Nc7 Qxc7 32. Rxe8+ Kh7 33. Re7 Qc6 34. Qg3 Rg6 35. Qb8 Qf6 36. Re8 Rg5 37. Rh8+ Kg6 38. Qe8+ Kf5 39. Re5+ Kf4 40. g3+ Kf3 41. Re3+ Kg4 42. Qd7+ Rf5 43. Qxa4 Rf3 44. Qd1 b5 45. h3+ Kxh3 46. Qxf3 Qxf3 47. Rxf3 b4 48. Rb8 b3 49. Rbxb3 Bxb3 50. Rxb3 Kg4 51. Rb5 g5 52. Rxd5 h5 53. Rd6 h4 54. Rh6 hxg3 55. fxg3 Kxg3 56. d5 Kf4 57. d6 g4 58. d7 g3 59. d8=Q g2 60. Qd2+ Kg3 61. Qxg2+ Kf4 62. Rf6+ Ke5 63. Qg5+ Kd4 64. Re6 Kc3 65. Qd5 Kb2 66. Rc6 Ka1 67. Qb5 Ka2 68. Ra6# 1-0

[Event "January 2 Late 2024"]
[Site "https://www.chess.com"]
[Date "2024.01.02"]
[Round "9"]
[White "Sokolov, Andrei"]
[Black "Ferriz Barrios, Andres"]
[Result "0-1"]
[Board "127"]
[TimeControl "180+1"]
[WhiteFideId "11600306"]
[BlackFideId "5104467"]
[WhiteElo "2353"]
[BlackElo "2199"]
[WhiteTeam "LAT"]
[BlackTeam "MEX"]
[WhiteClock "0:00:00"]
[BlackClock "0:01:26"]

1. d4 e6 2. c4 f5 3. Nc3 Bb4 4. Qc2 Nf6 5. Bg5 O-O 6. O-O-O b6 7. e4 Bxc3 8. bxc3 fxe4 9. d5 exd5 10. cxd5 Qe8 11. Bc4 Ba6 12. Qb3 d6 13. Ne2 Nfd7 14. Be3 Nc5 15. Bxc5 bxc5 16. Rhf1 Bxc4 17. Qxc4 Nd7 18. Ng3 Nf6 19. Rfe1 Rb8 20. Nxe4 Nxe4 21. Rxe4 Qg6 22. Qe2 Rxf2 23. Qxf2 Qxe4 24. Qc2 Qf4+ 25. Qd2 Qxh2 26. Re1 Qg3 27. Re3 Qg6 28. Rd3 h5 29. Kc2 c4 0-1

[Event "January 2 Late 2024"]
[Site "https://www.chess.com"]
[Date "2024.01.02"]
[Round "9"]
[White "Wendt, Jan-Dietrich"]
[Black "MiguelEduardoGB"]
[Result "1-0"]
[Board "128"]
[TimeControl "180+1"]
[WhiteFideId "4623797"]
[WhiteElo "2347"]
[BlackElo "2205"]
[WhiteTeam "GER"]
[WhiteClock "0:01:07"]
[BlackClock "0:00:30"]

1. Nf3 Nf6 2. c4 g6 3. Nc3 Bg7 4. g3 O-O 5. Bg2 c5 6. O-O Nc6 7. d4 cxd4 8. Nxd4 Nxd4 9. Qxd4 a6 10. c5 Ne8 11. Qb4 d6 12. Rd1 dxc5 13. Qxc5 Qc7 14. Be3 Rb8 15. Nd5 Qxc5 16. Bxc5 Bxb2 17. Rab1 Bf6 18. Nxe7+ Bxe7 19. Bxe7 b5 20. Rd8 Bf5 21. Rxb8 Bxb1 22. Bxf8 Kxf8 23. Bc6 1-0

[Event "January 2 Late 2024"]
[Site "https://www.chess.com"]
[Date "2024.01.02"]
[Round "9"]
[White "Kleibel, Uwe"]
[Black "Porat, Tori"]
[Result "1-0"]
[Board "129"]
[TimeControl "180+1"]
[WhiteFideId "1270982"]
[BlackFideId "30982626"]
[WhiteElo "2339"]
[BlackElo "2185"]
[WhiteTeam "GER"]
[BlackTeam "USA"]
[WhiteClock "0:01:13"]
[BlackClock "0:00:14"]

1. e4 c5 2. Nf3 Nc6 3. Bb5 e6 4. Bxc6 bxc6 5. d3 Ne7 6. h4 h5 7. b3 Ng6 8. Bb2 Qc7 9. g3 Bb7 10. Nbd2 e5 11. Nc4 d6 12. Qd2 Bc8 13. Qa5 Qxa5+ 14. Nxa5 Bd7 15. Nd2 Be7 16. Ndc4 Rc8 17. Nb7 O-O 18. Nbxd6 Bxd6 19. Nxd6 Rb8 20. O-O-O Bg4 21. Rde1 f6 22. Nc4 Rfd8 23. Ba3 Nf8 24. Bxc5 Ne6 25. Bxa7 Ra8 26. Bb6 Rdb8 27. Kb2 c5 28. a4 Ra6 29. a5 Rc8 30. Ne3 Bf3 31. Rhf1 Nd4 32. Nd5 Be2 33. Rh1 Kf7 34. c3 Bf3 35. cxd4 Bxh1 36. Rxh1 cxd4 37. Nc7 Ke7 38. Nxa6 1-0

[Event "January 2 Late 2024"]
[Site "https://www.chess.com"]
[Date "2024.01.02"]
[Round "9"]
[White "Kostiukov, Alexandr"]
[Black "Montano Vicente, Guadalupe"]
[Result "0-1"]
[Board "130"]
[TimeControl "180+1"]
[WhiteFideId "14108100"]
[BlackFideId "5181399"]
[WhiteElo "2338"]
[BlackElo "2172"]
[WhiteTeam "UKR"]
[BlackTeam "MEX"]
[WhiteClock "0:00:00"]
[BlackClock "0:00:03"]

1. g3 d5 2. Bg2 e5 3. c4 dxc4 4. Qa4+ Bd7 5. Qxc4 Nc6 6. Nf3 Bd6 7. O-O Nf6 8. Nc3 O-O 9. d4 exd4 10. Nxd4 Ne5 11. Qb3 Rb8 12. Ndb5 Bc6 13. Nxd6 Qxd6 14. Rd1 Qc5 15. Be3 Qc4 16. Bd4 Bxg2 17. Bxe5 Qxb3 18. axb3 Bc6 19. Rxa7 Rbc8 20. Bxf6 gxf6 21. f3 Rfe8 22. Kf2 f5 23. b4 Re5 24. f4 Re6 25. b5 Be4 26. Rd7 Rce8 27. Rxc7 h6 28. Rc5 Kg7 29. Ra1 Kg6 30. Rd1 b6 31. Rc7 Bc2 32. Rdd7 Rf6 33. Rc6 Ree6 34. Rxe6 Rxe6 35. Rc7 Be4 36. Nxe4 fxe4 37. Rc6 Kf5 38. Rxe6 Kxe6 39. Ke3 f5 40. h3 Kd5 41. b4 h5 0-1

[Event "January 2 Late 2024"]
[Site "https://www.chess.com"]
[Date "2024.01.02"]
[Round "9"]
[White "Clarke, Matthew"]
[Black "Korol, Dimitry"]
[Result "1-0"]
[Board "131"]
[TimeControl "180+1"]
[WhiteFideId "3227804"]
[BlackFideId "14108003"]
[WhiteElo "2152"]
[BlackElo "2333"]
[WhiteTeam "AUS"]
[BlackTeam "UKR"]
[WhiteClock "0:00:03"]
[BlackClock "0:00:00"]

1. d4 Nf6 2. c4 c5 3. d5 b5 4. cxb5 a6 5. bxa6 g6 6. Nc3 Bxa6 7. e4 Bxf1 8. Kxf1 d6 9. Nf3 Bg7 10. g3 O-O 11. Kg2 Nbd7 12. a4 Qb8 13. Nd2 Qb4 14. Ra3 Rfb8 15. Qe2 Nb6 16. a5 Nbd7 17. Ra4 Qb7 18. Nc4 Qa6 19. Bd2 Ne8 20. Rha1 Nc7 21. Qg4 Ne5 22. Nxe5 Bxe5 23. Qd7 Rb7 24. Qc6 Kg7 25. Qxa6 Rxa6 26. R1a2 Nb5 27. Nxb5 Rxb5 28. Bc3 Bxc3 29. bxc3 Rb3 30. R4a3 Rb5 31. Kf3 1-0

[Event "January 2 Late 2024"]
[Site "https://www.chess.com"]
[Date "2024.01.02"]
[Round "9"]
[White "Fernandez Hernandez, Gerardo"]
[Black "Novikova, Margarita"]
[Result "0-1"]
[Board "132"]
[TimeControl "180+1"]
[WhiteFideId "2207400"]
[BlackFideId "14109689"]
[WhiteElo "2329"]
[BlackElo "2167"]
[WhiteTeam "ESP"]
[BlackTeam "GER"]
[WhiteClock "0:00:03"]
[BlackClock "0:00:59"]

1. e4 d5 2. exd5 Qxd5 3. Nc3 Qd6 4. d4 Nf6 5. Nf3 c6 6. Ne5 Nbd7 7. Nc4 Qc7 8. Qf3 Nb6 9. Bf4 Qd8 10. O-O-O Bg4 11. Qd3 Bxd1 12. Qxd1 Nxc4 13. Bxc4 e6 14. Re1 Bd6 15. Bg5 Be7 16. Bf4 O-O 17. g4 b5 18. Bd3 b4 19. Na4 Nd5 20. Bd2 Bg5 21. Nc5 Be7 22. h4 Bxc5 23. dxc5 Qe7 24. h5 Qxc5 25. h6 g6 26. Qe2 Nc7 27. Qf3 Qd5 28. Be4 Qxa2 29. Bxb4 Rad8 30. c3 Qa1+ 31. Bb1 Nd5 32. Qe4 Nxb4 33. Qe5 Nd3+ 34. Kc2 Nxe5 35. Rxe5 Rb8 0-1